[ AOE2 MATCH · #495520352 ]
UnrankedBurmese vs Armenians
[ REPLAY ANALYSIS · EXTRACTED FROM THE RECORDED GAME ]
Feudal
13:56
Castle
17:38
Imperial
38:12
| APM avg | 69.1 |
| APM peak | 134 |
| eAPM avg | 27.3 |
| Villagers / military | 124 / 89 |
Focus
⚔️ 19.9% · 🌾 80.1%
Arambai ×81 · Fishing Ship ×11 · Militia ×6 · Trebuchet (Packed) ×2
Feudal
13:56
Castle
17:33
Imperial
31:52
| APM avg | 47.1 |
| APM peak | 97 |
| eAPM avg | 28.1 |
| Villagers / military | 142 / 340 |
Focus
⚔️ 46.2% · 🌾 53.8%
Spearman ×206 · Composite Bowman ×118 · Fishing Ship ×15 · Trebuchet (Packed) ×15 · Unknown (2626) ×5 · Transport Ship ×1
Feudal
14:19
Castle
18:00
Imperial
33:55
| APM avg | 61.3 |
| APM peak | 107 |
| eAPM avg | 43.3 |
| Villagers / military | 181 / 122 |
Focus
⚔️ 36.3% · 🌾 63.7%
Spearman ×118 · Unknown (1968) ×39 · Unknown (1974) ×20 · Fishing Ship ×19 · Unknown (1942) ×16 · Militia ×2
Feudal
14:11
Castle
18:19
Imperial
—
| APM avg | 37.1 |
| APM peak | 73 |
| eAPM avg | 20.6 |
| Villagers / military | 124 / 47 |
Focus
⚔️ 23.4% · 🌾 76.6%
Longbowman ×34 · Fishing Ship ×27 · Battering Ram ×6 · Transport Ship ×4 · Monk ×2 · Galley ×1
Feudal
15:03
Castle
18:33
Imperial
31:09
| APM avg | 39.8 |
| APM peak | 64 |
| eAPM avg | 23.4 |
| Villagers / military | 117 / 274 |
Focus
⚔️ 46.5% · 🌾 53.5%
Tarkan ×92 · Scout Cavalry ×92 · Cavalry Archer ×82 · Fishing Ship ×19 · Skirmisher ×5 · Trebuchet (Packed) ×2
Feudal
13:03
Castle
27:26
Imperial
47:56
| APM avg | 39.1 |
| APM peak | 91 |
| eAPM avg | 25.0 |
| Villagers / military | 134 / 23 |
Focus
⚔️ 40.1% · 🌾 59.9%
Chu Ko Nu ×21 · Unknown (2626) ×20 · Fishing Ship ×5 · Fire Galley ×2
Feudal
13:14
Castle
27:55
Imperial
47:20
| APM avg | 36.2 |
| APM peak | 73 |
| eAPM avg | 21.8 |
| Villagers / military | 160 / 36 |
Focus
⚔️ 27.4% · 🌾 72.6%
Elephant Archer ×29 · Fishing Ship ×22 · Trade Cog ×10 · Unknown (2626) ×9 · Fire Galley ×7
Feudal
14:13
Castle
18:48
Imperial
37:16
| APM avg | 54.7 |
| APM peak | 101 |
| eAPM avg | 29.9 |
| Villagers / military | 164 / 149 |
Focus
⚔️ 41.5% · 🌾 58.5%
Coustillier ×87 · Fishing Ship ×24 · Skirmisher ×23 · Hand Cannoneer ×19 · Unknown (2626) ×12 · Fire Galley ×11
Match map
Initial resources + every placement click. Lines = walls · curves = elevation contours. ◆ gold · ⬟ stone · ● berries · ✦ relic · ◌ wall gap
Your base· Open — 15t gap
Mr_oY's base· Open — 6t gap
H萝卜's base· Open — unwalled flank
黑炎胖虎茶's base· Open — 8t gap
Starsky's base· Open — unwalled flank
夏天九号's base· Open — 8t gap
Cancer's base· Open — 2t gap
夜rain's base· Open — 7t gap
Smoothed initial terrain · ◌ = detected wall gap · hover for details
Inputs per minute
— 银背小猩猩 - - Mr_oY
Build order — 银背小猩猩
First 150 of 339 actions detected
| 0:07 | Build | Town Center |
| 0:56 | Build | Dock |
| 0:57 | Build | House |
| 2:43 | Queue | Villager (Male) |
| 2:43 | Queue | Villager (Male) |
| 2:43 | Queue | Villager (Male) |
| 2:44 | Queue | Villager (Male) |
| 2:44 | Queue | Villager (Male) |
| 3:43 | Queue | Fishing Ship |
| 4:02 | Queue | Villager (Male) |
| 4:02 | Queue | Villager (Male) |
| 4:18 | Build | House |
| 4:47 | Queue | Villager (Male) |
| 4:48 | Queue | Villager (Male) |
| 5:06 | Queue | Villager (Male) |
| 5:06 | Queue | Villager (Male) |
| 5:30 | Queue | Fishing Ship |
| 5:38 | Queue | Villager (Male) |
| 5:39 | Queue | Villager (Male) |
| 5:42 | Build | House |
| 6:04 | Queue | Villager (Male) |
| 6:25 | Queue | Villager (Male) |
| 6:25 | Queue | Villager (Male) |
| 6:29 | Queue | Fishing Ship |
| 6:45 | Build | House |
| 6:52 | Queue | Villager (Male) |
| 7:02 | Queue | Fishing Ship |
| 7:08 | Queue | Villager (Male) |
| 7:08 | Queue | Villager (Male) |
| 7:32 | Queue | Villager (Male) |
| 7:43 | Queue | Fishing Ship |
| 7:58 | Build | House |
| 8:03 | Build | House |
| 8:11 | Queue | Villager (Male) |
| 8:12 | Queue | Fishing Ship |
| 8:28 | Queue | Villager (Male) |
| 8:30 | Queue | Fishing Ship |
| 8:38 | Queue | Villager (Male) |
| 8:49 | Build | House |
| 9:17 | Build | Dock |
| 9:19 | Queue | Villager (Male) |
| 9:34 | Queue | Fishing Ship |
| 9:40 | Queue | Villager (Male) |
| 9:53 | Queue | Villager (Male) |
| 9:58 | Queue | Villager (Male) |
| 10:06 | Build | Mining Camp |
| 10:14 | Queue | Fishing Ship |
| 10:18 | Build | House |
| 10:53 | Research | Loom |
| 11:18 | Build | Mining Camp |
| 11:46 | Research | Feudal Age |
| 11:51 | Build | House |
| 12:15 | Build | Mill |
| 12:32 | Queue | Fishing Ship |
| 12:32 | Queue | Fishing Ship |
| 12:48 | Build | Outpost |
| 13:36 | Queue | Villager (Male) |
| 13:37 | Queue | Villager (Male) |
| 13:56 | Age | Feudal Age |
| 13:59 | Build | Market |
| 14:00 | Build | Blacksmith |
| 14:10 | Research | Town Watch |
| 14:27 | Build | Outpost |
| 14:51 | Build | Outpost |
| 14:58 | Research | Castle Age |
| 15:24 | Build | Mining Camp |
| 15:32 | Research | Tech 906 |
| 15:32 | Research | Tech 906 |
| 16:10 | Build | Lumber Camp |
| 16:11 | Queue | Villager (Male) |
| 16:11 | Queue | Villager (Male) |
| 16:36 | Build | Outpost |
| 17:38 | Age | Castle Age |
| 17:50 | Build | Town Center |
| 17:53 | Queue | Villager (Male) |
| 18:27 | Build | Castle |
| 18:33 | Queue | Villager (Male) |
| 18:33 | Queue | Villager (Male) |
| 18:49 | Build | House |
| 18:50 | Build | House |
| 19:22 | Queue | Arambai |
| 19:23 | Queue | Arambai |
| 19:37 | Queue | Arambai |
| 19:41 | Queue | Arambai |
| 19:50 | Research | Padded Archer Armor |
| 19:50 | Queue | Villager (Male) |
| 19:51 | Queue | Villager (Male) |
| 19:51 | Queue | Villager (Male) |
| 20:06 | Queue | Villager (Male) |
| 20:06 | Queue | Villager (Male) |
| 20:33 | Build | Town Center |
| 20:36 | Queue | Villager (Male) |
| 20:40 | Queue | Arambai |
| 20:40 | Queue | Arambai |
| 20:52 | Queue | Arambai |
| 20:52 | Queue | Arambai |
| 21:37 | Queue | Villager (Male) |
| 21:37 | Queue | Villager (Male) |
| 22:06 | Queue | Arambai |
| 22:06 | Queue | Arambai |
| 22:21 | Queue | Arambai |
| 22:22 | Queue | Arambai |
| 22:47 | Queue | Villager (Male) |
| 22:47 | Queue | Villager (Male) |
| 23:07 | Build | Barracks |
| 23:15 | Queue | Villager (Male) |
| 23:15 | Queue | Villager (Male) |
| 23:17 | Queue | Villager (Male) |
| 23:17 | Queue | Villager (Male) |
| 23:37 | Queue | Arambai |
| 23:37 | Queue | Arambai |
| 23:37 | Queue | Arambai |
| 23:39 | Queue | Villager (Male) |
| 23:46 | Build | Stable |
| 24:03 | Queue | Villager (Male) |
| 24:03 | Queue | Villager (Male) |
| 24:21 | Research | Husbandry |
| 24:25 | Queue | Arambai |
| 24:25 | Queue | Arambai |
| 24:35 | Queue | Villager (Male) |
| 24:36 | Queue | Villager (Male) |
| 24:53 | Queue | Arambai |
| 24:53 | Queue | Arambai |
| 25:04 | Research | Coinage |
| 25:08 | Research | Bloodlines |
| 25:14 | Queue | Villager (Male) |
| 25:14 | Queue | Villager (Male) |
| 25:20 | Queue | Arambai |
| 25:20 | Queue | Arambai |
| 25:20 | Queue | Arambai |
| 25:30 | Queue | Arambai |
| 26:23 | Queue | Arambai |
| 26:23 | Queue | Arambai |
| 26:30 | Queue | Villager (Male) |
| 26:31 | Queue | Villager (Male) |
| 26:42 | Build | Castle |
| 26:47 | Queue | Villager (Male) |
| 26:51 | Queue | Villager (Male) |
| 26:51 | Queue | Villager (Male) |
| 27:38 | Build | Dock |
| 27:58 | Queue | Arambai |
| 27:59 | Queue | Arambai |
| 28:03 | Queue | Villager (Male) |
| 28:03 | Queue | Villager (Male) |
| 28:25 | Queue | Arambai |
| 28:27 | Build | Lumber Camp |
| 28:34 | Queue | Villager (Male) |
| 28:35 | Queue | Villager (Male) |
| 28:52 | Queue | Villager (Male) |
| 28:52 | Queue | Villager (Male) |
Build order — Mr_oY
First 150 of 613 actions detected
| 0:06 | Build | Town Center |
| 0:11 | Build | Dock |
| 2:39 | Queue | Villager (Male) |
| 2:39 | Queue | Villager (Male) |
| 2:40 | Queue | Villager (Male) |
| 2:40 | Queue | Villager (Male) |
| 2:49 | Build | House |
| 3:00 | Queue | Villager (Male) |
| 3:53 | Queue | Fishing Ship |
| 4:21 | Build | House |
| 4:39 | Build | Palisade Wall |
| 4:52 | Queue | Villager (Male) |
| 4:54 | Build | House |
| 5:02 | Queue | Fishing Ship |
| 5:20 | Research | Loom |
| 5:37 | Queue | Villager (Male) |
| 6:03 | Queue | Fishing Ship |
| 6:04 | Queue | Fishing Ship |
| 6:14 | Build | House |
| 6:15 | Queue | Villager (Male) |
| 6:15 | Queue | Villager (Male) |
| 6:33 | Queue | Villager (Male) |
| 6:57 | Queue | Villager (Male) |
| 6:59 | Queue | Fishing Ship |
| 7:22 | Queue | Villager (Male) |
| 7:22 | Queue | Villager (Male) |
| 7:34 | Queue | Fishing Ship |
| 7:35 | Build | House |
| 7:52 | Queue | Villager (Male) |
| 8:11 | Build | House |
| 8:17 | Queue | Villager (Male) |
| 8:19 | Queue | Fishing Ship |
| 8:39 | Queue | Villager (Male) |
| 8:45 | Build | Dock |
| 8:49 | Queue | Villager (Male) |
| 8:55 | Build | House |
| 8:59 | Queue | Villager (Male) |
| 9:02 | Build | House |
| 9:10 | Queue | Fishing Ship |
| 9:13 | Build | House |
| 9:27 | Build | House |
| 9:44 | Queue | Fishing Ship |
| 9:58 | Queue | Villager (Male) |
| 10:01 | Queue | Fishing Ship |
| 10:06 | Queue | Fishing Ship |
| 10:15 | Queue | Villager (Male) |
| 10:18 | Build | Mill |
| 10:26 | Queue | Fishing Ship |
| 10:42 | Queue | Villager (Male) |
| 10:56 | Build | Palisade Wall |
| 11:04 | Build | Mule Cart |
| 11:08 | Queue | Fishing Ship |
| 11:15 | Queue | Villager (Male) |
| 11:46 | Research | Feudal Age |
| 12:11 | Queue | Fishing Ship |
| 12:41 | Build | Mule Cart |
| 12:49 | Build | House |
| 13:10 | Queue | Fishing Ship |
| 13:36 | Queue | Villager (Male) |
| 13:56 | Age | Feudal Age |
| 13:59 | Build | Market |
| 14:03 | Build | Blacksmith |
| 14:09 | Research | Town Watch |
| 14:53 | Research | Castle Age |
| 14:56 | Queue | Unit 2626 |
| 15:26 | Build | Outpost |
| 15:32 | Research | Double-Bit Axe |
| 15:32 | Research | Double-Bit Axe |
| 15:37 | Queue | Unit 2626 |
| 16:12 | Research | Fletching |
| 16:15 | Queue | Unit 2626 |
| 16:20 | Queue | Unit 2626 |
| 16:37 | Queue | Villager (Male) |
| 16:41 | Queue | Villager (Male) |
| 16:47 | Build | Mule Cart |
| 17:04 | Queue | Villager (Male) |
| 17:26 | Queue | Villager (Male) |
| 17:33 | Age | Castle Age |
| 17:38 | Build | Castle |
| 17:59 | Queue | Villager (Male) |
| 18:05 | Research | Bodkin Arrow |
| 18:10 | Queue | Villager (Male) |
| 18:14 | Research | Tech 906 |
| 18:49 | Build | Town Center |
| 18:53 | Queue | Composite Bowman |
| 19:02 | Queue | Villager (Male) |
| 19:30 | Queue | Villager (Male) |
| 19:31 | Queue | Villager (Male) |
| 19:42 | Queue | Composite Bowman |
| 20:00 | Build | House |
| 20:18 | Queue | Villager (Male) |
| 20:18 | Queue | Villager (Male) |
| 20:25 | Build | Town Center |
| 20:46 | Queue | Villager (Male) |
| 20:47 | Queue | Villager (Male) |
| 20:47 | Queue | Villager (Male) |
| 21:02 | Queue | Villager (Male) |
| 21:12 | Queue | Unit 2626 |
| 21:16 | Queue | Villager (Male) |
| 21:16 | Queue | Villager (Male) |
| 21:30 | Queue | Villager (Male) |
| 21:39 | Queue | Villager (Male) |
| 21:39 | Queue | Villager (Male) |
| 21:46 | Queue | Villager (Male) |
| 21:54 | Research | Horse Collar |
| 21:59 | Queue | Villager (Male) |
| 22:00 | Research | Bow Saw |
| 22:04 | Build | Farm |
| 22:05 | Build | Farm |
| 22:06 | Build | Farm |
| 22:06 | Build | Farm |
| 22:08 | Build | Farm |
| 22:24 | Queue | Villager (Male) |
| 22:24 | Queue | Villager (Male) |
| 22:25 | Queue | Composite Bowman |
| 22:25 | Queue | Composite Bowman |
| 22:25 | Queue | Composite Bowman |
| 22:25 | Queue | Composite Bowman |
| 22:53 | Queue | Villager (Male) |
| 22:53 | Queue | Villager (Male) |
| 22:54 | Queue | Villager (Male) |
| 22:56 | Build | Farm |
| 23:07 | Queue | Villager (Male) |
| 23:07 | Queue | Villager (Male) |
| 23:07 | Queue | Villager (Male) |
| 23:21 | Research | Stone Mining |
| 23:22 | Research | Gold Mining |
| 23:22 | Research | Gold Mining |
| 23:33 | Build | Farm |
| 23:33 | Build | Farm |
| 23:34 | Build | Farm |
| 23:35 | Build | Farm |
| 23:38 | Queue | Villager (Male) |
| 23:46 | Queue | Villager (Male) |
| 23:51 | Build | Farm |
| 23:56 | Queue | Villager (Male) |
| 24:05 | Queue | Composite Bowman |
| 24:08 | Queue | Villager (Male) |
| 24:14 | Build | Farm |
| 24:21 | Queue | Villager (Male) |
| 24:21 | Queue | Villager (Male) |
| 24:21 | Queue | Villager (Male) |
| 24:23 | Build | Mule Cart |
| 24:24 | Build | House |
| 24:29 | Queue | Villager (Male) |
| 24:32 | Queue | Composite Bowman |
| 24:43 | Build | House |
| 24:48 | Queue | Villager (Male) |
| 24:52 | Research | Wheelbarrow |
| 24:52 | Queue | Villager (Male) |
Build order — H萝卜
First 150 of 583 actions detected
| 0:18 | Build | Town Center |
| 1:38 | Build | House |
| 2:36 | Build | Dock |
| 2:54 | Queue | Villager (Male) |
| 2:54 | Queue | Villager (Male) |
| 2:54 | Queue | Villager (Male) |
| 2:55 | Queue | Villager (Male) |
| 3:20 | Queue | Villager (Male) |
| 3:20 | Queue | Villager (Male) |
| 3:20 | Queue | Villager (Male) |
| 3:54 | Queue | Fishing Ship |
| 3:54 | Queue | Fishing Ship |
| 4:33 | Build | House |
| 5:02 | Queue | Fishing Ship |
| 5:02 | Queue | Fishing Ship |
| 5:08 | Queue | Villager (Male) |
| 5:08 | Queue | Villager (Male) |
| 5:34 | Queue | Villager (Male) |
| 5:34 | Queue | Villager (Male) |
| 5:47 | Queue | Fishing Ship |
| 5:47 | Queue | Fishing Ship |
| 5:59 | Queue | Villager (Male) |
| 5:59 | Queue | Villager (Male) |
| 6:13 | Build | House |
| 6:19 | Queue | Villager (Male) |
| 6:19 | Queue | Villager (Male) |
| 6:52 | Queue | Villager (Male) |
| 6:52 | Queue | Villager (Male) |
| 6:55 | Queue | Fishing Ship |
| 6:55 | Queue | Fishing Ship |
| 7:23 | Queue | Villager (Male) |
| 7:23 | Queue | Villager (Male) |
| 7:25 | Queue | Fishing Ship |
| 7:26 | Queue | Fishing Ship |
| 7:41 | Build | House |
| 7:52 | Research | Loom |
| 7:54 | Queue | Fishing Ship |
| 7:58 | Queue | Villager (Male) |
| 7:58 | Queue | Villager (Male) |
| 8:01 | Queue | Villager (Male) |
| 8:01 | Queue | Villager (Male) |
| 8:27 | Queue | Villager (Male) |
| 8:43 | Queue | Villager (Male) |
| 8:53 | Build | House |
| 9:08 | Build | Dock |
| 9:25 | Queue | Fishing Ship |
| 9:26 | Queue | Villager (Male) |
| 9:41 | Queue | Fishing Ship |
| 9:52 | Queue | Fishing Ship |
| 9:54 | Queue | Villager (Male) |
| 10:06 | Queue | Fishing Ship |
| 10:09 | Queue | Villager (Male) |
| 10:13 | Queue | Villager (Male) |
| 10:13 | Queue | Villager (Male) |
| 10:16 | Build | House |
| 10:29 | Queue | Fishing Ship |
| 10:42 | Build | House |
| 10:45 | Queue | Fishing Ship |
| 11:09 | Build | Mill |
| 11:41 | Build | Mining Camp |
| 11:44 | Research | Loom |
| 12:03 | Research | Feudal Age |
| 12:03 | Research | Feudal Age |
| 12:14 | Queue | Fishing Ship |
| 12:14 | Queue | Fishing Ship |
| 13:36 | Queue | Villager (Male) |
| 13:37 | Queue | Villager (Male) |
| 13:43 | Build | House |
| 13:46 | Build | House |
| 13:57 | Build | Palisade Wall |
| 14:12 | Build | Palisade Wall |
| 14:18 | Build | Palisade Wall |
| 14:19 | Age | Feudal Age |
| 14:23 | Queue | Villager (Male) |
| 14:27 | Build | Blacksmith |
| 14:29 | Build | Market |
| 14:45 | Build | Lumber Camp |
| 15:20 | Research | Castle Age |
| 15:21 | Research | Castle Age |
| 15:23 | Build | House |
| 15:30 | Research | Double-Bit Axe |
| 15:30 | Research | Double-Bit Axe |
| 15:55 | Queue | Villager (Male) |
| 16:01 | Research | Tech 906 |
| 16:02 | Research | Tech 906 |
| 17:28 | Build | Barracks |
| 17:31 | Research | Scale Mail Armor |
| 17:53 | Build | Barracks |
| 17:56 | Build | Palisade Wall |
| 18:00 | Build | Palisade Wall |
| 18:00 | Age | Castle Age |
| 18:16 | Queue | Villager (Male) |
| 18:36 | Build | House |
| 18:42 | Research | Squires |
| 18:45 | Queue | Unit 1974 |
| 18:45 | Queue | Unit 1974 |
| 18:52 | Queue | Villager (Male) |
| 18:56 | Queue | Villager (Male) |
| 19:01 | Queue | Unit 1974 |
| 19:07 | Build | Town Center |
| 19:13 | Build | House |
| 19:14 | Queue | Villager (Male) |
| 19:23 | Queue | Unit 1974 |
| 19:23 | Queue | Unit 1974 |
| 19:23 | Queue | Unit 1974 |
| 19:24 | Queue | Unit 1974 |
| 19:24 | Queue | Unit 1974 |
| 19:24 | Queue | Unit 1974 |
| 19:24 | Queue | Unit 1974 |
| 19:24 | Queue | Unit 1974 |
| 19:28 | Research | Chain Mail Armor |
| 19:28 | Research | Chain Mail Armor |
| 19:32 | Research | Forging |
| 19:32 | Research | Forging |
| 19:35 | Build | House |
| 19:36 | Queue | Villager (Male) |
| 19:54 | Research | Bow Saw |
| 19:54 | Research | Bow Saw |
| 20:07 | Queue | Villager (Male) |
| 20:10 | Research | Gold Mining |
| 20:10 | Research | Gold Mining |
| 20:12 | Research | Arson |
| 20:12 | Research | Arson |
| 20:13 | Research | Arson |
| 20:13 | Queue | Unit 1974 |
| 20:13 | Queue | Unit 1974 |
| 20:25 | Build | House |
| 20:28 | Build | Palisade Wall |
| 20:29 | Build | Palisade Wall |
| 20:31 | Queue | Villager (Male) |
| 20:40 | Research | Town Watch |
| 20:41 | Research | Town Watch |
| 20:41 | Queue | Villager (Male) |
| 20:43 | Queue | Unit 1974 |
| 20:48 | Queue | Villager (Male) |
| 21:02 | Build | House |
| 21:05 | Build | House |
| 21:09 | Queue | Unit 1974 |
| 21:09 | Queue | Unit 1974 |
| 21:09 | Queue | Villager (Male) |
| 21:21 | Build | Town Center |
| 21:28 | Queue | Villager (Male) |
| 21:35 | Queue | Villager (Male) |
| 21:42 | Queue | Villager (Male) |
| 21:42 | Research | Wheelbarrow |
| 21:42 | Research | Wheelbarrow |
| 22:15 | Queue | Villager (Male) |
| 22:23 | Queue | Villager (Male) |
| 22:26 | Queue | Villager (Male) |
| 22:35 | Build | Farm |
Build order — 黑炎胖虎茶
First 150 of 367 actions detected
| 0:14 | Build | Town Center |
| 1:29 | Build | Dock |
| 2:07 | Build | House |
| 2:40 | Queue | Villager (Male) |
| 2:40 | Queue | Villager (Male) |
| 2:40 | Queue | Villager (Male) |
| 2:40 | Queue | Villager (Male) |
| 2:41 | Queue | Villager (Male) |
| 3:39 | Research | Loom |
| 4:09 | Build | House |
| 4:39 | Queue | Villager (Male) |
| 4:39 | Queue | Villager (Male) |
| 4:39 | Queue | Villager (Male) |
| 4:59 | Queue | Fishing Ship |
| 5:25 | Queue | Villager (Male) |
| 5:25 | Queue | Villager (Male) |
| 5:41 | Queue | Villager (Male) |
| 5:41 | Queue | Villager (Male) |
| 6:12 | Queue | Fishing Ship |
| 6:22 | Build | House |
| 6:36 | Queue | Villager (Male) |
| 6:36 | Queue | Villager (Male) |
| 7:00 | Queue | Villager (Male) |
| 7:00 | Queue | Villager (Male) |
| 7:02 | Queue | Fishing Ship |
| 7:42 | Queue | Fishing Ship |
| 7:43 | Queue | Villager (Male) |
| 7:47 | Build | House |
| 8:06 | Queue | Villager (Male) |
| 8:25 | Queue | Villager (Male) |
| 8:47 | Queue | Villager (Male) |
| 8:49 | Queue | Fishing Ship |
| 9:17 | Build | Palisade Wall |
| 9:20 | Queue | Villager (Male) |
| 9:22 | Queue | Fishing Ship |
| 9:24 | Build | House |
| 9:37 | Queue | Villager (Male) |
| 9:44 | Build | Mining Camp |
| 10:05 | Queue | Villager (Male) |
| 10:30 | Queue | Villager (Male) |
| 10:48 | Queue | Villager (Male) |
| 11:05 | Build | Palisade Wall |
| 11:17 | Build | House |
| 11:20 | Queue | Villager (Male) |
| 11:38 | Research | Feudal Age |
| 11:52 | Build | Mill |
| 12:44 | Build | Palisade Wall |
| 12:48 | Build | Palisade Wall |
| 13:14 | Build | Palisade Wall |
| 13:20 | Build | Palisade Wall |
| 13:27 | Build | Palisade Wall |
| 13:35 | Build | Palisade Wall |
| 13:49 | Build | Palisade Wall |
| 13:50 | Build | House |
| 14:11 | Age | Feudal Age |
| 14:14 | Build | Blacksmith |
| 14:20 | Build | Market |
| 15:39 | Research | Castle Age |
| 15:40 | Research | Castle Age |
| 16:01 | Build | Lumber Camp |
| 16:58 | Research | Double-Bit Axe |
| 16:58 | Research | Double-Bit Axe |
| 17:27 | Build | Mining Camp |
| 17:38 | Queue | Villager (Male) |
| 17:38 | Queue | Villager (Male) |
| 17:39 | Queue | Villager (Male) |
| 17:39 | Queue | Villager (Male) |
| 17:39 | Queue | Villager (Male) |
| 17:55 | Research | Fletching |
| 18:19 | Age | Castle Age |
| 19:06 | Build | Palisade Wall |
| 19:12 | Build | Castle |
| 19:31 | Research | Bow Saw |
| 19:54 | Queue | Villager (Male) |
| 20:01 | Build | Monastery |
| 20:06 | Queue | Longbowman |
| 20:06 | Queue | Longbowman |
| 20:07 | Queue | Longbowman |
| 20:34 | Queue | Longbowman |
| 20:40 | Queue | Villager (Male) |
| 20:43 | Queue | Longbowman |
| 21:20 | Queue | Longbowman |
| 21:20 | Queue | Longbowman |
| 21:22 | Queue | Villager (Male) |
| 21:22 | Queue | Villager (Male) |
| 21:31 | Build | Town Center |
| 21:37 | Build | Palisade Wall |
| 21:46 | Queue | Longbowman |
| 21:48 | Queue | Villager (Male) |
| 21:49 | Queue | Villager (Male) |
| 22:08 | Queue | Monk |
| 22:12 | Queue | Villager (Male) |
| 22:12 | Queue | Villager (Male) |
| 22:24 | Build | Siege Workshop |
| 22:32 | Build | Siege Workshop |
| 22:42 | Build | Farm |
| 22:44 | Build | Farm |
| 23:01 | Build | House |
| 23:03 | Build | Palisade Wall |
| 23:04 | Queue | Villager (Male) |
| 23:08 | Queue | Villager (Male) |
| 23:08 | Queue | Villager (Male) |
| 23:19 | Queue | Longbowman |
| 23:31 | Queue | Longbowman |
| 23:34 | Queue | Battering Ram |
| 23:35 | Queue | Villager (Male) |
| 23:36 | Queue | Villager (Male) |
| 23:36 | Queue | Villager (Male) |
| 24:04 | Queue | Longbowman |
| 24:05 | Queue | Villager (Male) |
| 24:05 | Queue | Villager (Male) |
| 24:25 | Queue | Longbowman |
| 24:25 | Queue | Longbowman |
| 24:37 | Build | Farm |
| 24:37 | Build | Farm |
| 24:39 | Build | Farm |
| 24:40 | Build | Farm |
| 24:42 | Build | Farm |
| 24:45 | Build | Farm |
| 24:47 | Queue | Villager (Male) |
| 24:48 | Queue | Battering Ram |
| 24:55 | Queue | Longbowman |
| 24:55 | Queue | Longbowman |
| 25:15 | Queue | Longbowman |
| 25:17 | Queue | Villager (Male) |
| 25:17 | Queue | Villager (Male) |
| 25:47 | Queue | Longbowman |
| 25:49 | Queue | Battering Ram |
| 25:53 | Build | House |
| 25:55 | Build | House |
| 26:17 | Queue | Longbowman |
| 26:31 | Research | Wheelbarrow |
| 26:37 | Queue | Battering Ram |
| 26:39 | Queue | Longbowman |
| 26:39 | Queue | Longbowman |
| 26:44 | Build | Palisade Wall |
| 26:53 | Build | Farm |
| 26:55 | Build | Farm |
| 26:57 | Build | Farm |
| 27:01 | Build | Farm |
| 27:01 | Queue | Villager (Male) |
| 27:06 | Build | Farm |
| 27:14 | Queue | Longbowman |
| 27:27 | Queue | Longbowman |
| 27:49 | Queue | Villager (Male) |
| 27:50 | Queue | Villager (Male) |
| 27:54 | Queue | Longbowman |
| 27:54 | Queue | Longbowman |
| 27:59 | Build | Palisade Wall |
| 28:11 | Build | Mining Camp |
Build order — Starsky
First 150 of 429 actions detected
| 0:12 | Build | Town Center |
| 2:47 | Queue | Villager (Male) |
| 2:47 | Queue | Villager (Male) |
| 2:47 | Queue | Villager (Male) |
| 2:47 | Queue | Villager (Male) |
| 4:31 | Research | Loom |
| 4:53 | Queue | Villager (Male) |
| 5:04 | Build | Dock |
| 5:13 | Queue | Villager (Male) |
| 5:46 | Queue | Villager (Male) |
| 5:46 | Queue | Villager (Male) |
| 6:02 | Queue | Fishing Ship |
| 6:13 | Queue | Villager (Male) |
| 6:13 | Queue | Villager (Male) |
| 6:37 | Queue | Villager (Male) |
| 6:37 | Queue | Villager (Male) |
| 6:38 | Queue | Fishing Ship |
| 6:59 | Queue | Villager (Male) |
| 7:24 | Queue | Villager (Male) |
| 7:25 | Queue | Villager (Male) |
| 7:25 | Queue | Fishing Ship |
| 7:49 | Queue | Villager (Male) |
| 7:49 | Queue | Villager (Male) |
| 8:05 | Queue | Villager (Male) |
| 8:06 | Queue | Fishing Ship |
| 8:21 | Queue | Villager (Male) |
| 8:23 | Queue | Fishing Ship |
| 8:51 | Queue | Villager (Male) |
| 8:57 | Queue | Fishing Ship |
| 9:00 | Queue | Villager (Male) |
| 9:07 | Queue | Villager (Male) |
| 9:28 | Queue | Villager (Male) |
| 9:38 | Queue | Villager (Male) |
| 9:48 | Queue | Villager (Male) |
| 9:58 | Build | Dock |
| 10:17 | Queue | Fishing Ship |
| 10:41 | Queue | Villager (Male) |
| 10:58 | Queue | Fishing Ship |
| 11:02 | Build | Lumber Camp |
| 11:22 | Queue | Fishing Ship |
| 11:29 | Build | Palisade Wall |
| 11:30 | Build | Palisade Wall |
| 11:33 | Queue | Fishing Ship |
| 11:47 | Queue | Villager (Male) |
| 12:07 | Build | Mining Camp |
| 12:09 | Queue | Villager (Male) |
| 12:16 | Build | Mill |
| 12:18 | Queue | Villager (Male) |
| 12:35 | Queue | Fishing Ship |
| 12:41 | Queue | Fishing Ship |
| 12:42 | Research | Feudal Age |
| 12:58 | Queue | Villager (Male) |
| 13:18 | Queue | Fishing Ship |
| 13:40 | Queue | Fishing Ship |
| 14:01 | Build | Barracks |
| 14:18 | Queue | Villager (Male) |
| 15:03 | Age | Feudal Age |
| 15:04 | Build | Stable |
| 15:06 | Build | Blacksmith |
| 15:30 | Research | Tech 906 |
| 15:53 | Research | Double-Bit Axe |
| 15:53 | Research | Castle Age |
| 15:57 | Queue | Scout Cavalry |
| 16:18 | Build | Dock |
| 16:23 | Queue | Scout Cavalry |
| 16:30 | Build | Lumber Camp |
| 16:50 | Queue | Scout Cavalry |
| 16:58 | Queue | Fishing Ship |
| 16:58 | Queue | Fishing Ship |
| 17:10 | Build | Dock |
| 17:13 | Research | Bloodlines |
| 17:36 | Research | Scale Barding Armor |
| 17:48 | Queue | Villager (Male) |
| 17:51 | Queue | Fishing Ship |
| 17:52 | Queue | Fishing Ship |
| 17:55 | Queue | Fishing Ship |
| 18:33 | Age | Castle Age |
| 18:35 | Build | Town Center |
| 18:35 | Research | Light Cavalry (upgrade) |
| 18:36 | Research | Bow Saw |
| 18:41 | Queue | Villager (Male) |
| 19:06 | Queue | Villager (Male) |
| 19:11 | Build | Town Center |
| 19:32 | Research | Forging |
| 19:32 | Queue | Villager (Male) |
| 19:54 | Queue | Villager (Male) |
| 20:06 | Queue | Villager (Male) |
| 20:18 | Queue | Villager (Male) |
| 20:18 | Queue | Villager (Male) |
| 20:21 | Queue | Villager (Male) |
| 20:33 | Research | Gillnets |
| 20:36 | Research | Horse Collar |
| 20:49 | Queue | Villager (Male) |
| 21:03 | Queue | Villager (Male) |
| 21:08 | Queue | Villager (Male) |
| 21:11 | Build | Farm |
| 21:12 | Build | Farm |
| 21:21 | Queue | Villager (Male) |
| 21:30 | Build | Farm |
| 21:30 | Build | Farm |
| 21:31 | Build | Farm |
| 21:32 | Build | Farm |
| 21:33 | Queue | Villager (Male) |
| 21:35 | Build | Farm |
| 21:40 | Queue | Villager (Male) |
| 21:49 | Queue | Villager (Male) |
| 21:54 | Build | Farm |
| 21:55 | Build | Farm |
| 21:57 | Queue | Villager (Male) |
| 22:01 | Build | Stone Wall |
| 22:04 | Build | Stone Wall |
| 22:05 | Queue | Villager (Male) |
| 22:09 | Queue | Villager (Male) |
| 22:19 | Queue | Villager (Male) |
| 22:27 | Build | Gate |
| 22:32 | Queue | Villager (Male) |
| 22:40 | Queue | Villager (Male) |
| 22:47 | Queue | Villager (Male) |
| 22:51 | Queue | Villager (Male) |
| 22:57 | Build | Gate |
| 22:58 | Queue | Villager (Male) |
| 23:00 | Build | Farm |
| 23:00 | Build | Farm |
| 23:00 | Build | Farm |
| 23:01 | Build | Farm |
| 23:02 | Queue | Villager (Male) |
| 23:08 | Queue | Villager (Male) |
| 23:11 | Build | Town Center |
| 23:14 | Queue | Villager (Male) |
| 23:20 | Queue | Villager (Male) |
| 23:31 | Queue | Villager (Male) |
| 23:32 | Research | Wheelbarrow |
| 23:51 | Queue | Villager (Male) |
| 23:57 | Build | Town Center |
| 24:04 | Queue | Villager (Male) |
| 24:08 | Build | Farm |
| 24:08 | Build | Farm |
| 24:08 | Build | Farm |
| 24:08 | Build | Farm |
| 24:09 | Build | Farm |
| 24:20 | Queue | Villager (Male) |
| 24:32 | Queue | Villager (Male) |
| 24:38 | Build | Lumber Camp |
| 24:39 | Queue | Villager (Male) |
| 24:39 | Queue | Villager (Male) |
| 24:42 | Queue | Villager (Male) |
| 24:43 | Build | Farm |
| 24:44 | Build | Farm |
| 24:44 | Build | Farm |
| 24:44 | Build | Farm |
Build order — 夏天九号
First 150 of 348 actions detected
| 0:20 | Build | Town Center |
| 1:57 | Build | Palisade Wall |
| 1:58 | Build | Palisade Wall |
| 2:00 | Build | Palisade Wall |
| 2:50 | Research | Loom |
| 2:50 | Research | Loom |
| 2:57 | Build | House |
| 3:37 | Build | House |
| 4:18 | Build | Dock |
| 4:50 | Queue | Villager (Male) |
| 4:50 | Queue | Villager (Male) |
| 5:19 | Queue | Villager (Male) |
| 5:46 | Queue | Fishing Ship |
| 5:46 | Queue | Fishing Ship |
| 5:46 | Queue | Villager (Male) |
| 6:13 | Queue | Villager (Male) |
| 6:46 | Queue | Villager (Male) |
| 6:46 | Queue | Villager (Male) |
| 6:48 | Queue | Fishing Ship |
| 7:07 | Queue | Villager (Male) |
| 7:36 | Queue | Fishing Ship |
| 7:46 | Queue | Villager (Male) |
| 7:46 | Queue | Villager (Male) |
| 8:03 | Queue | Fishing Ship |
| 8:23 | Queue | Villager (Male) |
| 8:23 | Queue | Villager (Male) |
| 8:34 | Queue | Villager (Male) |
| 8:49 | Queue | Villager (Male) |
| 9:04 | Queue | Villager (Male) |
| 9:41 | Build | Mining Camp |
| 9:59 | Queue | Villager (Male) |
| 10:18 | Queue | Villager (Male) |
| 10:52 | Research | Feudal Age |
| 11:15 | Build | Lumber Camp |
| 11:30 | Build | House |
| 11:56 | Build | House |
| 11:59 | Build | House |
| 12:14 | Build | Dock |
| 12:53 | Queue | Villager (Male) |
| 13:03 | Age | Feudal Age |
| 13:04 | Queue | Fire Galley |
| 13:04 | Queue | Fire Galley |
| 13:07 | Research | Double-Bit Axe |
| 13:34 | Queue | Villager (Male) |
| 13:50 | Queue | Villager (Male) |
| 13:55 | Queue | Unit 2626 |
| 13:55 | Queue | Unit 2626 |
| 14:48 | Queue | Unit 2626 |
| 14:48 | Queue | Unit 2626 |
| 14:48 | Queue | Villager (Male) |
| 14:52 | Build | House |
| 14:53 | Build | House |
| 14:59 | Research | Town Watch |
| 14:59 | Research | Town Watch |
| 15:01 | Queue | Unit 2626 |
| 15:17 | Queue | Unit 2626 |
| 15:45 | Queue | Unit 2626 |
| 15:45 | Queue | Unit 2626 |
| 15:59 | Build | House |
| 16:05 | Queue | Unit 2626 |
| 16:05 | Queue | Unit 2626 |
| 16:05 | Queue | Villager (Male) |
| 16:08 | Research | Gold Mining |
| 16:09 | Research | Gold Mining |
| 16:21 | Build | Dock |
| 16:30 | Queue | Villager (Male) |
| 16:50 | Build | House |
| 17:02 | Build | House |
| 17:42 | Queue | Unit 2626 |
| 17:43 | Queue | Unit 2626 |
| 17:43 | Queue | Villager (Male) |
| 17:46 | Build | Mill |
| 17:57 | Queue | Unit 2626 |
| 17:57 | Queue | Unit 2626 |
| 18:18 | Queue | Unit 2626 |
| 18:18 | Queue | Unit 2626 |
| 18:34 | Queue | Unit 2626 |
| 18:35 | Queue | Unit 2626 |
| 18:35 | Queue | Villager (Male) |
| 18:52 | Build | House |
| 18:54 | Build | Palisade Wall |
| 19:17 | Queue | Unit 2626 |
| 19:18 | Queue | Unit 2626 |
| 19:18 | Queue | Villager (Male) |
| 19:18 | Queue | Villager (Male) |
| 19:21 | Build | House |
| 19:23 | Build | Palisade Wall |
| 19:30 | Build | House |
| 20:14 | Build | House |
| 20:17 | Build | House |
| 20:20 | Build | House |
| 20:31 | Build | Market |
| 20:34 | Queue | Villager (Male) |
| 21:24 | Queue | Villager (Male) |
| 21:24 | Queue | Villager (Male) |
| 21:26 | Build | Blacksmith |
| 21:32 | Build | Gate |
| 21:34 | Build | House |
| 21:36 | Build | Palisade Wall |
| 21:50 | Build | House |
| 22:00 | Build | Lumber Camp |
| 22:10 | Build | Palisade Wall |
| 22:12 | Build | Palisade Wall |
| 22:16 | Queue | Villager (Male) |
| 22:57 | Build | House |
| 23:18 | Build | Farm |
| 23:18 | Build | Farm |
| 23:24 | Build | Farm |
| 23:26 | Build | Farm |
| 23:31 | Queue | Villager (Male) |
| 23:31 | Queue | Villager (Male) |
| 23:32 | Queue | Villager (Male) |
| 24:11 | Build | Farm |
| 24:34 | Research | Castle Age |
| 26:10 | Build | Outpost |
| 26:53 | Queue | Villager (Male) |
| 27:22 | Research | Wheelbarrow |
| 27:23 | Research | Wheelbarrow |
| 27:23 | Queue | Villager (Male) |
| 27:26 | Age | Castle Age |
| 27:28 | Build | Town Center |
| 27:33 | Research | Bow Saw |
| 27:37 | Build | Outpost |
| 27:44 | Queue | Villager (Male) |
| 27:44 | Queue | Villager (Male) |
| 28:01 | Build | Outpost |
| 28:09 | Queue | Villager (Male) |
| 28:34 | Build | Outpost |
| 28:36 | Queue | Villager (Male) |
| 28:45 | Research | Horse Collar |
| 28:46 | Queue | Villager (Male) |
| 28:48 | Build | Farm |
| 28:49 | Build | Farm |
| 29:26 | Build | Stone Wall |
| 29:31 | Build | Gate |
| 29:38 | Build | House |
| 29:38 | Build | House |
| 29:42 | Build | Stone Wall |
| 29:50 | Queue | Villager (Male) |
| 29:55 | Queue | Villager (Male) |
| 30:01 | Build | Stone Wall |
| 30:02 | Build | Stone Wall |
| 30:07 | Build | Stone Wall |
| 30:11 | Build | Stone Wall |
| 30:13 | Queue | Villager (Male) |
| 30:22 | Build | Gate |
| 30:40 | Build | Gate |
| 30:52 | Queue | Villager (Male) |
| 31:08 | Queue | Villager (Male) |
| 31:08 | Queue | Villager (Male) |
Build order — Cancer
First 150 of 431 actions detected
| 0:06 | Build | Town Center |
| 1:31 | Build | Dock |
| 1:33 | Build | House |
| 1:40 | Build | Palisade Wall |
| 1:45 | Build | Palisade Wall |
| 1:55 | Build | Palisade Wall |
| 1:59 | Build | Palisade Wall |
| 2:02 | Build | Palisade Wall |
| 2:09 | Build | Palisade Wall |
| 2:10 | Build | Palisade Wall |
| 2:36 | Queue | Villager (Male) |
| 2:36 | Queue | Villager (Male) |
| 2:52 | Queue | Villager (Male) |
| 2:52 | Queue | Villager (Male) |
| 3:31 | Build | House |
| 3:33 | Research | Loom |
| 3:34 | Queue | Villager (Male) |
| 3:35 | Queue | Villager (Male) |
| 4:00 | Queue | Fishing Ship |
| 5:08 | Queue | Fishing Ship |
| 5:08 | Queue | Fishing Ship |
| 5:29 | Queue | Villager (Male) |
| 5:58 | Queue | Villager (Male) |
| 5:59 | Queue | Fishing Ship |
| 6:03 | Build | House |
| 6:13 | Queue | Fishing Ship |
| 6:13 | Queue | Fishing Ship |
| 6:51 | Queue | Villager (Male) |
| 6:51 | Queue | Villager (Male) |
| 7:14 | Queue | Fishing Ship |
| 7:14 | Queue | Fishing Ship |
| 7:21 | Queue | Villager (Male) |
| 7:22 | Queue | Villager (Male) |
| 7:53 | Build | House |
| 8:01 | Build | House |
| 8:07 | Queue | Villager (Male) |
| 8:09 | Queue | Villager (Male) |
| 8:21 | Queue | Villager (Male) |
| 8:45 | Queue | Fishing Ship |
| 9:06 | Build | Palisade Wall |
| 9:19 | Build | Palisade Wall |
| 9:25 | Queue | Villager (Male) |
| 9:26 | Queue | Villager (Male) |
| 9:33 | Queue | Villager (Male) |
| 9:38 | Queue | Fishing Ship |
| 10:14 | Build | Lumber Camp |
| 10:43 | Build | Mining Camp |
| 10:49 | Build | House |
| 11:04 | Research | Feudal Age |
| 11:32 | Build | House |
| 12:08 | Queue | Villager (Male) |
| 12:12 | Build | Dock |
| 12:25 | Build | House |
| 12:32 | Build | Palisade Wall |
| 12:36 | Build | Palisade Wall |
| 12:41 | Queue | Villager (Male) |
| 13:10 | Build | Palisade Wall |
| 13:14 | Age | Feudal Age |
| 13:17 | Build | Palisade Wall |
| 13:20 | Queue | Unit 2626 |
| 13:20 | Queue | Unit 2626 |
| 13:22 | Queue | Villager (Male) |
| 13:33 | Build | House |
| 13:36 | Build | Palisade Wall |
| 13:38 | Queue | Villager (Male) |
| 13:44 | Queue | Unit 2626 |
| 13:47 | Queue | Fire Galley |
| 13:48 | Queue | Villager (Male) |
| 14:01 | Build | Palisade Wall |
| 14:04 | Queue | Villager (Male) |
| 14:17 | Queue | Unit 2626 |
| 14:17 | Queue | Unit 2626 |
| 14:21 | Queue | Villager (Male) |
| 14:25 | Queue | Villager (Male) |
| 14:30 | Build | Palisade Wall |
| 14:37 | Queue | Villager (Male) |
| 14:55 | Queue | Unit 2626 |
| 14:56 | Queue | Villager (Male) |
| 15:03 | Queue | Villager (Male) |
| 15:08 | Build | House |
| 15:09 | Build | House |
| 15:13 | Build | House |
| 15:16 | Queue | Villager (Male) |
| 15:27 | Build | House |
| 15:32 | Build | Watch Tower |
| 15:43 | Queue | Unit 2626 |
| 15:58 | Queue | Fire Galley |
| 15:59 | Queue | Fire Galley |
| 15:59 | Queue | Villager (Male) |
| 15:59 | Queue | Villager (Male) |
| 16:04 | Build | House |
| 16:05 | Build | House |
| 16:23 | Queue | Fire Galley |
| 16:23 | Queue | Fire Galley |
| 16:28 | Queue | Villager (Male) |
| 16:32 | Build | House |
| 16:34 | Build | House |
| 16:36 | Queue | Villager (Male) |
| 16:45 | Build | House |
| 16:46 | Build | House |
| 16:57 | Queue | Fire Galley |
| 16:57 | Queue | Fire Galley |
| 16:58 | Queue | Villager (Male) |
| 17:12 | Build | House |
| 17:30 | Queue | Unit 2626 |
| 17:31 | Queue | Unit 2626 |
| 17:31 | Queue | Villager (Male) |
| 17:34 | Build | House |
| 17:35 | Build | Palisade Wall |
| 18:11 | Queue | Villager (Male) |
| 20:41 | Build | Lumber Camp |
| 22:20 | Build | Mill |
| 22:24 | Build | Mill |
| 22:55 | Build | Outpost |
| 23:10 | Build | Market |
| 24:08 | Build | Town Center |
| 24:52 | Build | Blacksmith |
| 24:57 | Research | Wheelbarrow |
| 25:03 | Build | Lumber Camp |
| 25:15 | Research | Castle Age |
| 25:15 | Research | Castle Age |
| 25:31 | Build | Mining Camp |
| 25:43 | Research | Double-Bit Axe |
| 25:45 | Research | Horse Collar |
| 25:45 | Research | Horse Collar |
| 25:50 | Build | Farm |
| 25:50 | Build | Farm |
| 25:50 | Build | Farm |
| 25:50 | Build | Farm |
| 25:51 | Build | Farm |
| 25:54 | Build | Farm |
| 26:02 | Build | Farm |
| 26:49 | Research | Tech 906 |
| 26:50 | Research | Tech 906 |
| 26:59 | Build | Fish Trap |
| 27:03 | Build | Fish Trap |
| 27:07 | Build | Fish Trap |
| 27:20 | Build | Fish Trap |
| 27:32 | Build | Fish Trap |
| 27:35 | Queue | Villager (Male) |
| 27:35 | Queue | Villager (Male) |
| 27:53 | Queue | Villager (Male) |
| 27:53 | Queue | Villager (Male) |
| 27:55 | Age | Castle Age |
| 28:27 | Queue | Villager (Male) |
| 28:54 | Queue | Villager (Male) |
| 29:16 | Queue | Villager (Male) |
| 30:12 | Queue | Villager (Male) |
| 30:12 | Queue | Villager (Male) |
| 31:00 | Build | Castle |
Build order — 夜rain
First 150 of 560 actions detected
| 0:05 | Build | Town Center |
| 0:54 | Build | Dock |
| 1:01 | Build | House |
| 1:03 | Build | Palisade Wall |
| 2:26 | Queue | Villager (Male) |
| 2:26 | Queue | Villager (Male) |
| 2:27 | Queue | Villager (Male) |
| 2:27 | Queue | Villager (Male) |
| 2:27 | Queue | Villager (Male) |
| 3:34 | Queue | Fishing Ship |
| 4:06 | Queue | Villager (Male) |
| 4:25 | Build | House |
| 4:33 | Queue | Villager (Male) |
| 4:55 | Queue | Villager (Male) |
| 5:26 | Queue | Villager (Male) |
| 5:27 | Queue | Fishing Ship |
| 6:00 | Queue | Villager (Male) |
| 6:06 | Build | House |
| 6:19 | Queue | Villager (Male) |
| 6:20 | Queue | Fishing Ship |
| 6:26 | Research | Loom |
| 6:31 | Build | House |
| 6:33 | Build | Palisade Wall |
| 6:35 | Build | Palisade Wall |
| 6:35 | Build | Palisade Wall |
| 6:37 | Queue | Villager (Male) |
| 6:48 | Queue | Villager (Male) |
| 6:49 | Queue | Villager (Male) |
| 7:07 | Queue | Villager (Male) |
| 7:07 | Queue | Villager (Male) |
| 7:14 | Queue | Fishing Ship |
| 7:51 | Queue | Fishing Ship |
| 8:03 | Queue | Villager (Male) |
| 8:09 | Queue | Fishing Ship |
| 8:30 | Queue | Villager (Male) |
| 8:51 | Queue | Villager (Male) |
| 8:55 | Build | Dock |
| 9:05 | Build | House |
| 9:12 | Queue | Villager (Male) |
| 9:15 | Queue | Fishing Ship |
| 9:39 | Queue | Villager (Male) |
| 9:42 | Queue | Fishing Ship |
| 9:54 | Queue | Villager (Male) |
| 9:58 | Queue | Fishing Ship |
| 10:02 | Queue | Fishing Ship |
| 10:27 | Build | Lumber Camp |
| 10:36 | Queue | Villager (Male) |
| 10:49 | Build | House |
| 11:04 | Queue | Villager (Male) |
| 11:12 | Queue | Fishing Ship |
| 11:13 | Queue | Fishing Ship |
| 12:03 | Research | Feudal Age |
| 12:03 | Research | Feudal Age |
| 12:14 | Build | Mining Camp |
| 12:24 | Research | Double-Bit Axe |
| 12:24 | Research | Double-Bit Axe |
| 12:39 | Queue | Fishing Ship |
| 12:40 | Queue | Fishing Ship |
| 12:46 | Build | House |
| 12:49 | Build | House |
| 13:10 | Build | House |
| 13:26 | Build | House |
| 13:29 | Build | Palisade Wall |
| 14:02 | Build | Mining Camp |
| 14:13 | Age | Feudal Age |
| 14:16 | Queue | Villager (Male) |
| 14:16 | Queue | Villager (Male) |
| 14:19 | Build | Blacksmith |
| 14:31 | Build | Mill |
| 14:34 | Build | House |
| 14:36 | Build | Palisade Wall |
| 14:53 | Queue | Villager (Male) |
| 14:55 | Queue | Fishing Ship |
| 14:55 | Queue | Fishing Ship |
| 14:59 | Queue | Unit 2626 |
| 14:59 | Queue | Unit 2626 |
| 15:12 | Build | Market |
| 15:17 | Build | House |
| 15:20 | Queue | Villager (Male) |
| 16:04 | Queue | Fishing Ship |
| 16:04 | Queue | Fishing Ship |
| 16:08 | Research | Castle Age |
| 16:08 | Research | Castle Age |
| 16:32 | Research | Bow Saw |
| 16:32 | Research | Bow Saw |
| 16:36 | Queue | Unit 2626 |
| 16:36 | Queue | Unit 2626 |
| 16:49 | Build | Dock |
| 16:56 | Research | Gold Mining |
| 17:12 | Queue | Unit 2626 |
| 17:36 | Queue | Unit 2626 |
| 17:38 | Queue | Villager (Male) |
| 18:05 | Build | Palisade Wall |
| 18:06 | Build | Palisade Wall |
| 18:17 | Queue | Unit 2626 |
| 18:18 | Queue | Unit 2626 |
| 18:46 | Queue | Fire Galley |
| 18:47 | Queue | Fire Galley |
| 18:47 | Queue | Fire Galley |
| 18:48 | Age | Castle Age |
| 18:54 | Research | War Galley (upgrade) |
| 18:54 | Research | War Galley (upgrade) |
| 18:55 | Queue | Villager (Male) |
| 19:17 | Build | Castle |
| 19:24 | Research | Tech 906 |
| 19:24 | Research | Tech 906 |
| 19:25 | Queue | Fishing Ship |
| 19:25 | Queue | Fishing Ship |
| 19:39 | Queue | Villager (Male) |
| 19:41 | Queue | Villager (Male) |
| 19:44 | Research | Two-Man Saw |
| 19:44 | Research | Two-Man Saw |
| 20:20 | Queue | Villager (Male) |
| 20:26 | Queue | Fire Galley |
| 20:27 | Queue | Villager (Male) |
| 21:08 | Queue | Villager (Male) |
| 21:10 | Queue | Coustillier |
| 21:10 | Queue | Coustillier |
| 21:18 | Build | Town Center |
| 21:32 | Queue | Villager (Male) |
| 21:35 | Research | Horse Collar |
| 21:35 | Research | Horse Collar |
| 21:37 | Queue | Coustillier |
| 21:39 | Research | Scale Barding Armor |
| 21:48 | Build | Farm |
| 21:48 | Build | Farm |
| 21:49 | Build | Farm |
| 21:52 | Build | Farm |
| 22:14 | Queue | Villager (Male) |
| 22:20 | Build | Farm |
| 22:21 | Build | Farm |
| 22:25 | Queue | Villager (Male) |
| 22:34 | Queue | Coustillier |
| 22:47 | Build | Farm |
| 22:48 | Build | Farm |
| 23:06 | Build | Farm |
| 23:07 | Build | Farm |
| 23:12 | Queue | Villager (Male) |
| 23:13 | Queue | Villager (Male) |
| 23:21 | Queue | Unit 2626 |
| 23:32 | Queue | Villager (Male) |
| 23:32 | Queue | Villager (Male) |
| 23:39 | Build | Farm |
| 23:45 | Queue | Villager (Male) |
| 23:45 | Queue | Villager (Male) |
| 23:51 | Queue | Unit 2626 |
| 23:51 | Queue | Unit 2626 |
| 23:57 | Queue | Fire Galley |
| 23:58 | Queue | Fire Galley |
| 24:16 | Queue | Villager (Male) |
Match timeline
| 0:11 | Mr_oY · first_building Dock |
| 0:54 | 夜rain · first_building Dock |
| 0:56 | 银背小猩猩 · first_building Dock |
| 1:03 | 夜rain · wall_segment Palisade Wall x1 |
| 1:29 | 黑炎胖虎茶 · first_building Dock |
| 1:31 | Cancer · first_building Dock |
| 1:40 | Cancer · wall_segment Palisade Wall x1 |
| 1:45 | Cancer · wall_segment Palisade Wall x1 |
| 1:55 | Cancer · wall_segment Palisade Wall x1 |
| 1:57 | 夏天九号 · wall_segment Palisade Wall x1 |
| 1:58 | 夏天九号 · wall_segment Palisade Wall x1 |
| 1:59 | Cancer · wall_segment Palisade Wall x1 |
| 2:00 | 夏天九号 · wall_segment Palisade Wall x1 |
| 2:02 | Cancer · wall_segment Palisade Wall x1 |
| 2:09 | Cancer · wall_segment Palisade Wall x1 |
| 2:10 | Cancer · wall_segment Palisade Wall x1 |
| 2:36 | H萝卜 · first_building Dock |
| 4:18 | 夏天九号 · first_building Dock |
| 4:39 | Mr_oY · wall_segment Palisade Wall x1 |
| 5:04 | Starsky · first_building Dock |
| 6:33 | 夜rain · wall_segment Palisade Wall x1 |
| 6:35 | 夜rain · wall_segment Palisade Wall x1 |
| 6:35 | 夜rain · wall_segment Palisade Wall x1 |
| 9:06 | Cancer · wall_segment Palisade Wall x1 |
| 9:17 | 黑炎胖虎茶 · wall_segment Palisade Wall x8 |
| 9:19 | Cancer · wall_segment Palisade Wall x1 |
| 10:56 | Mr_oY · wall_segment Palisade Wall x9 |
| 11:05 | 黑炎胖虎茶 · wall_segment Palisade Wall x5 |
| 11:29 | Starsky · wall_segment Palisade Wall x1 |
| 11:30 | Starsky · wall_segment Palisade Wall x1 |
| 12:32 | Cancer · wall_segment Palisade Wall x12 |
| 12:36 | Cancer · wall_segment Palisade Wall x3 |
| 12:44 | 黑炎胖虎茶 · wall_segment Palisade Wall x10 |
| 12:48 | 黑炎胖虎茶 · wall_segment Palisade Wall x1 |
| 13:03 | 夏天九号 · age_up feudal |
| 13:10 | Cancer · wall_segment Palisade Wall x1 |
| 13:14 | 黑炎胖虎茶 · wall_segment Palisade Wall x4 |
| 13:14 | Cancer · age_up feudal |
| 13:17 | Cancer · wall_segment Palisade Wall x4 |
| 13:20 | 黑炎胖虎茶 · wall_segment Palisade Wall x3 |
| 13:27 | 黑炎胖虎茶 · wall_segment Palisade Wall x9 |
| 13:29 | 夜rain · wall_segment Palisade Wall x4 |
| 13:35 | 黑炎胖虎茶 · wall_segment Palisade Wall x7 |
| 13:36 | Cancer · wall_segment Palisade Wall x9 |
| 13:49 | 黑炎胖虎茶 · wall_segment Palisade Wall x12 |
| 13:56 | 银背小猩猩 · age_up feudal |
| 13:56 | Mr_oY · age_up feudal |
| 13:57 | H萝卜 · wall_segment Palisade Wall x1 |
| 14:01 | Starsky · first_building Barracks |
| 14:01 | Cancer · wall_segment Palisade Wall x3 |
| 14:11 | 黑炎胖虎茶 · age_up feudal |
| 14:12 | H萝卜 · wall_segment Palisade Wall x1 |
| 14:13 | 夜rain · age_up feudal |
| 14:18 | H萝卜 · wall_segment Palisade Wall x1 |
| 14:19 | H萝卜 · age_up feudal |
| 14:30 | Cancer · wall_segment Palisade Wall x4 |
| 14:36 | 夜rain · wall_segment Palisade Wall x1 |
| 14:56 | 银背小猩猩 · first_market_buy 100 food |
| 14:57 | 银背小猩猩 · first_market_sell 100 wood |
| 15:03 | Starsky · age_up feudal |
| 15:04 | Starsky · first_building Stable |
| 15:11 | 黑炎胖虎茶 · first_market_sell 100 stone |
| 15:33 | 黑炎胖虎茶 · first_market_buy 100 food |
| 17:20 | Mr_oY · first_market_buy 100 stone |
| 17:28 | H萝卜 · first_building Barracks |
| 17:33 | Mr_oY · age_up castle |
| 17:35 | Cancer · wall_segment Palisade Wall x1 |
| 17:38 | 银背小猩猩 · age_up castle |
| 17:38 | Mr_oY · first_building Castle |
| 17:56 | H萝卜 · wall_segment Palisade Wall x1 |
| 18:00 | H萝卜 · wall_segment Palisade Wall x1 |
| 18:00 | H萝卜 · age_up castle |
| 18:05 | Mr_oY · first_market_sell 100 food |
| 18:05 | 夜rain · wall_segment Palisade Wall x1 |
| 18:06 | 夜rain · wall_segment Palisade Wall x1 |
| 18:19 | 黑炎胖虎茶 · age_up castle |
| 18:27 | 银背小猩猩 · first_building Castle |
| 18:33 | Starsky · age_up castle |
| 18:48 | 夜rain · age_up castle |
| 18:54 | 夏天九号 · wall_segment Palisade Wall x1 |
| 19:06 | 黑炎胖虎茶 · wall_segment Palisade Wall x1 |
| 19:12 | 黑炎胖虎茶 · first_building Castle |
| 19:17 | 夜rain · first_building Castle |
| 19:23 | 夏天九号 · wall_segment Palisade Wall x3 |
| 20:01 | 黑炎胖虎茶 · first_building Monastery |
| 20:28 | H萝卜 · wall_segment Palisade Wall x1 |
| 20:29 | H萝卜 · wall_segment Palisade Wall x1 |
| 21:36 | 夏天九号 · wall_segment Palisade Wall x3 |
| 21:37 | 黑炎胖虎茶 · wall_segment Palisade Wall x1 |
| 22:01 | Starsky · wall_segment Stone Wall x17 |
| 22:04 | Starsky · wall_segment Stone Wall x20 |
| 22:10 | 夏天九号 · wall_segment Palisade Wall x1 |
| 22:12 | 夏天九号 · wall_segment Palisade Wall x1 |
| 22:24 | 黑炎胖虎茶 · first_building Siege Workshop |
| 23:03 | 黑炎胖虎茶 · wall_segment Palisade Wall x2 |
| 23:07 | 银背小猩猩 · first_building Barracks |
| 23:11 | H萝卜 · first_market_buy 100 food |
| 23:30 | 夏天九号 · first_market_buy 100 food |
| 23:46 | 银背小猩猩 · first_building Stable |
| 23:58 | 夏天九号 · first_market_sell 100 wood |
| 24:04 | Cancer · first_market_sell 100 wood |
| 24:05 | Cancer · first_market_buy 100 stone |
| 25:06 | 夜rain · first_market_sell 100 wood |
| 25:07 | 夜rain · first_market_buy 100 stone |
| 25:39 | Mr_oY · wall_segment Palisade Wall x1 |
| 26:33 | Starsky · first_building Monastery |
| 26:44 | 黑炎胖虎茶 · wall_segment Palisade Wall x14 |
| 27:26 | 夏天九号 · age_up castle |
| 27:36 | H萝卜 · first_building Siege Workshop |
| 27:55 | Cancer · age_up castle |
| 27:59 | 黑炎胖虎茶 · wall_segment Palisade Wall x1 |
| 29:11 | 黑炎胖虎茶 · wall_segment Palisade Wall x1 |
| 29:16 | Starsky · first_building Castle |
| 29:25 | H萝卜 · first_building Castle |
| 29:26 | 夏天九号 · wall_segment Stone Wall x17 |
| 29:42 | 夏天九号 · wall_segment Stone Wall x3 |
| 29:42 | 黑炎胖虎茶 · wall_segment Stone Wall x1 |
| 29:46 | 黑炎胖虎茶 · wall_segment Stone Wall x1 |
| 29:58 | Starsky · wall_segment Stone Wall x15 |
| 30:01 | 夏天九号 · wall_segment Stone Wall x4 |
| 30:02 | 夏天九号 · wall_segment Stone Wall x5 |
| 30:07 | 夏天九号 · wall_segment Stone Wall x3 |
| 30:10 | Mr_oY · first_building Barracks |
| 30:11 | 夏天九号 · wall_segment Stone Wall x1 |
| 30:34 | Starsky · first_market_sell 500 food |
| 31:00 | Cancer · first_building Castle |
| 31:09 | Starsky · age_up imperial |
| 31:52 | Mr_oY · age_up imperial |
| 32:04 | Cancer · wall_segment Palisade Wall x1 |
| 32:06 | Cancer · wall_segment Palisade Wall x1 |
| 32:08 | 夏天九号 · wall_segment Stone Wall x1 |
| 33:03 | 夏天九号 · wall_segment Stone Wall x3 |
| 33:55 | H萝卜 · age_up imperial |
| 35:53 | 夜rain · first_building Barracks |
| 36:59 | 夜rain · first_building Stable |
| 37:03 | H萝卜 · first_market_sell 500 food |
| 37:16 | 夜rain · age_up imperial |
| 37:19 | 银背小猩猩 · first_building Archery Range |
| 37:29 | 夏天九号 · wall_segment Stone Wall x2 |
| 37:31 | Mr_oY · wall_segment Stone Wall x18 |
| 37:31 | 夏天九号 · wall_segment Stone Wall x1 |
| 37:36 | 夏天九号 · wall_segment Stone Wall x5 |
| 37:50 | Starsky · first_building Archery Range |
| 38:12 | 银背小猩猩 · age_up imperial |
| 38:55 | 夏天九号 · wall_segment Stone Wall x2 |
| 39:09 | 夜rain · first_building Archery Range |
| 39:20 | Mr_oY · wall_segment Stone Wall x19 |
| 39:32 | 夏天九号 · wall_segment Stone Wall x5 |
| 39:45 | 夏天九号 · first_building Castle |
| 40:54 | Mr_oY · wall_segment Stone Wall x1 |
| 40:56 | Mr_oY · wall_segment Stone Wall x1 |
| 41:10 | Cancer · first_building Barracks |
| 41:14 | 夏天九号 · wall_segment Stone Wall x3 |
| 41:18 | 夏天九号 · wall_segment Stone Wall x2 |
| 41:29 | 夏天九号 · wall_segment Stone Wall x3 |
| 42:45 | Cancer · first_building Archery Range |
| 43:50 | 夜rain · first_building Monastery |
| 44:43 | 夏天九号 · wall_segment Stone Wall x4 |
| 44:52 | 黑炎胖虎茶 · wall_segment Stone Wall x12 |
| 44:56 | 黑炎胖虎茶 · wall_segment Stone Wall x17 |
| 45:02 | 黑炎胖虎茶 · wall_segment Stone Wall x19 |
| 45:11 | Starsky · tribute_sent a jugador 1 |
| 45:11 | Starsky · tribute_sent a jugador 2 |
| 45:11 | Starsky · tribute_sent a jugador 3 |
| 45:11 | Starsky · tribute_sent a jugador 4 |
| 45:11 | Starsky · tribute_sent a jugador 6 |
| 45:11 | Starsky · tribute_sent a jugador 7 |
| 45:11 | Starsky · tribute_sent a jugador 8 |
| 45:15 | 夏天九号 · wall_segment Stone Wall x1 |
| 46:13 | 夜rain · first_building Siege Workshop |
| 47:20 | Cancer · age_up imperial |
| 47:26 | 黑炎胖虎茶 · wall_segment Stone Wall x14 |
| 47:56 | 夏天九号 · age_up imperial |
| 48:46 | H萝卜 · resign |
[ AI ANALYSIS · 1 CREDIT ]
What really happened in this match?
Wolo.gg analyzes every decision: build order, eco, micro, common mistakes by bracket. Personalized analysis on WhatsApp or Discord in 30 seconds.
Civ guide
Burmese
Perfil
Jugador #15782699